 Dungeon Crawl Stone Soup version 0.29.1 (webtiles) character file.

Game seed: 8152474283383504264

1201 Iusername the Ruffian (level 8, -4/75 HPs)
             Began as a Troll Fighter on Sept 12, 2022.
             Was a Follower of Trog.
             Slain by an ogre
             ... wielding a +0 giant club
              (36 damage)
             ... on level 5 of the Dungeon.
             The game lasted 00:07:49 (4302 turns).

Iusername the Ruffian (Troll Fighter)               Turns: 4302, Time: 00:07:49

Health: -4/75      AC:  4    Str: 27    XL:     8   Next: 21%
Magic:  7/7        EV:  9    Int:  4    God:    Trog [*.....]
Gold:   193        SH:  8    Dex:  9    Spells: 7/7 levels left

rFire   . . .      SeeInvis .     - Unarmed
rCold   . . .      Faith    .   b - +0 kite shield
rNeg    . . .      Spirit   .   a - +0 robe
rPois   .          Reflect  .   (helmet restricted)
rElec   .          Harm     .   (no cloak)
rCorr   +          Rampage  .   (gloves unavailable)
Will    .....                   (boots unavailable)
Stlth   +.........              (no amulet)
HPRegen 1.02/turn               o - ring of resist corrosion
MPRegen 0.10/turn               i - ring of flight

@: flying
A: large, unfitting armour, claws 3, regeneration 1, shaggy fur 1, tough skin 1
a: Renounce Religion, Berserk


You were on level 5 of the Dungeon.
You worshipped Trog.
Trog was aware of your devotion.
You visited 1 branch of the dungeon, and saw 5 of its levels.

You collected 193 gold pieces.

Inventory:

Missiles
 k - 4 silver boomerangs
Armour
 a - a +0 robe (worn)
 b - a +0 kite shield (worn)
Jewellery
 i - a ring of flight (right claw)
 o - a ring of resist corrosion (left claw)
Wands
 s - a wand of acid (7)
 w - a wand of flame (11) (quivered)
Scrolls
 d - 5 scrolls of identify {unknown}
 f - 3 scrolls of teleportation {unknown}
 j - a scroll of enchant armour {unknown}
 l - a scroll of silence {unknown}
 m - 2 scrolls of fear {unknown}
 n - a scroll of acquirement {unknown}
 r - a scroll of fog {unknown}
 t - a scroll of blinking
 u - a scroll of amnesia {unknown}
 v - a scroll of vulnerability {unknown}
Potions
 c - a potion of degeneration {unknown}
 e - a potion of magic {unknown}
 g - a potion of resistance {unknown}
 h - a potion of heal wounds {unknown}
 p - a potion of curing
 q - a potion of haste {unknown}


   Skills:
 + Level 3.5 Fighting
 + Level 4.4 Dodging
 + Level 1.5 Stealth
 + Level 4.5 Shields
 + Level 6.4 Unarmed Combat
 + Level 0.7 Evocations


You had 7 spell levels left.
You didn't know any spells.
Your spell library contained the following spells:

 Spells                   Type           Power      Damage    Failure   Level
 Ozocubu's Armour         Ice            0%         N/A       98%         3
 Portal Projectile        Hex/Tloc       0%         N/A       98%         3
 Tukima's Dance           Hex            0%         N/A       98%         3
 Blade Hands              Tmut           0%         N/A       100%        5
 Ozocubu's Refrigeration  Ice            0%         4d7       100%        7


Dungeon Overview and Level Annotations

Branches:
Dungeon (5/15)             Temple (0/1) D:4

Altars:
Trog

Shops:
D:1 =*

Portals:
Abyss: D:4


Innate Abilities, Weirdness & Mutations

You are too large for most types of armour.
You have claws for hands.
Your natural rate of healing is unusually fast.
You are covered in fur. (AC +1)
You have tough skin. (AC +1)


Message History

You kill the orc!
Trog accepts your kill.
You feel very sick.
The orc throws a boomerang of dispersal.
The boomerang of dispersal hits you but does no damage.
Unknown command.
You feel very sick. The orc hits you with a +0 hand axe.
Things that are here:
a +0 flail; a black bear corpse Unknown command.
You claw the orc!
You kill the orc!
Trog accepts your kill.
You feel sick.
Unknown command.
You closely miss the orc.
You feel sick. The orc hits you with a +0 mace!
* * * LOW HITPOINT WARNING * * *
Unknown command.
You claw the orc!
You kill the orc!
Trog accepts your kill.
You feel sick.
A magic dart appears from out of thin air!
The magic dart hits you.
* * * LOW HITPOINT WARNING * * *
Blink to where?
Press: ? - help, Dir - move target
As you read the scroll of blinking, it crumbles to dust.
You feel sick.
Blink to where?
Press: ? - help, Dir - move target
Okay, then.
Unknown command.
You fly up into the air.
i - a ring of flight (right claw)
You are too injured to fight recklessly!
It was a potion of curing.
You feel better.
The ogre hits you with a +0 giant club!!!
You die...

##### ###
#.#.###.#
#....O@.#
#.#.o...#
#.#.#####
#.$.....#
###.###.#
#o# #{#
o.# ...#


You could see an ogre and an orc.

Vanquished Creatures
  A small abomination (D:4)
  A water moccasin (D:5)
  2 black bears
  3 phantoms (D:4)
  A kobold brigand (D:4)
  The ghost of hilljack the Ruffian, a weakling VSMo (D:4)
  A hound (D:4)
  A jelly (D:5)
  An orc priest (D:3)
  3 iguanas
  2 iron imps (D:4)
  2 orc wizards
  3 gnolls (D:4)
  3 adders
  A white imp (D:4)
  An ufetubus (D:4)
  2 worms
  A dart slug (D:2)
  14 orcs
  11 endoplasms
  6 giant cockroaches
  4 goblins
  4 hobgoblins
  6 jackals (D:1)
  3 kobolds
  3 quokkas
  7 ball pythons
  7 bats
  2 frilled lizards
  4 rats
101 creatures vanquished.

Notes
Turn   | Place    | Note
-------+----------+-------------------------------------------
     0 | D:1      | Iusername the Troll Fighter began the quest for the Orb.
     0 | D:1      | Reached XP level 1. HP: 22/22 MP: 0/0
   106 | D:1      | Reached XP level 2. HP: 29/29 MP: 1/1
   342 | D:1      | Found Kahuilevi's General Store.
   662 | D:1      | Found Xynneun's Jewellery Shop.
   718 | D:2      | Found a faded altar of an unknown god.
   723 | D:2      | Reached XP level 3. HP: 36/36 MP: 2/2
  1227 | D:2      | Identified the +0 robe of Unambiguity {rC+ Str+5 Int-3
                  | SInv}
  1395 | D:3      | Reached XP level 4. HP: 44/44 MP: 3/3
  1565 | D:3      | Found a bloodstained altar of Trog.
  1596 | D:3      | Became a worshipper of Trog the Wrathful
  1815 | D:3      | Reached skill level 3 in Unarmed Combat
  1840 | D:3      | Reached XP level 5. HP: 17/50 MP: 4/4
  2168 | D:4      | Noticed a black bear
  2176 | D:4      | Killed a black bear
  2177 | D:4      | Reached skill level 4 in Unarmed Combat
  2278 | D:4      | Found a staircase to the Ecumenical Temple.
  2302 | D:4      | Found a transporter.
  2313 | D:4      | Reached XP level 6. HP: 45/59 MP: 5/5
  2453 | D:4      | Reached * piety under Trog
  2532 | D:4      | Reached skill level 5 in Unarmed Combat
  2532 | D:4      | Reached XP level 7. HP: 61/67 MP: 6/6
  3030 | D:4      | Reached skill level 1 in Stealth
  3656 | D:4      | Found a transporter.
  3665 | D:4      | Found a one-way gate to the infinite horrors of the Abyss.
  3726 | D:4      | Noticed a small abomination
  3732 | D:4      | Killed a small abomination
  3733 | D:4      | Noticed hilljack's ghost (weakling VSMo)
  3740 | D:4      | Killed hilljack's ghost
  3962 | D:4      | Reached skill level 6 in Unarmed Combat
  4255 | D:5      | Entered Level 5 of the Dungeon
  4268 | D:5      | Reached XP level 8. HP: 75/75 MP: 7/7
  4302 | D:5      | Slain by an ogre

Illustrated notes

Levels and vault maps discovered:
D:1:      co_arrival_random_square_maze, layout_loops_ring, serial_shops, shop,
          nicolae_shop_behind_doors
D:2:      minmay_chambers_of_ones, layout_basic, basic_ecumenical_altar
D:3:      layout_loops_ring, mainiacjoe_overflow_alcove_1
D:4:      layout_layer_cave, temple_doors_e, gammafunk_ghost_abyssal_escape
D:5:      layout_basic, cheibriados_altar_1, mainiacjoe_overflow_divided_tiny,
          serial_shops, shop, nicolae_elemental_shop, saegor_snake_ambush,
          uniq_sigmund

Skill      XL: |  1  2  3  4  5  6  7 |
---------------+----------------------+-----
Shields        | 3 4 |  4.5
Dodging        | 3 4 |  4.4
Unarmed Combat | 3 4 5 6 |  6.4
Fighting       | 3 |  3.5
Stealth        | 1 |  1.5
Evocations     | |  0.7

Action                   |  1- 3 |  4- 6 |  7- 9 || total
-------------------------+-------+-------+-------++-------
Melee: Unarmed           |   133 |   143 |    89 ||   365
Evoke: Wand              |       |       |    11 ||    11
  Use: Potion            |       |     2 |     3 ||     5
       Scroll            |       |       |     1 ||     1
 Stab: Sleeping          |     2 |     4 |     2 ||     8
Armor: Robe              |    36 |    28 |    18 ||    82
       Skin              |       |       |    17 ||    17
Dodge: Dodged            |    44 |    49 |    25 ||   118
Block: Kite shield       |    51 |    37 |    30 ||   118
